[Event "Titled Tuesday Blitz June 13 Late 2023"]
[White "LionKing2367890"]
[Black "Lacey, Patrick"]
[BlackFideId "2032007"]
[WhiteElo "2145"]
[BlackElo "2380"]
[Result "0-1"]
[Round "3"]
[TimeControl "180+2"]
[Date "2023.06.13"]
[WhiteClock "0:00:00"]
[BlackClock "0:00:27"]
[Board "187"]

1. e4 c6 2. d4 d5 3. e5 Bf5 4. Nc3 e6 5. g4 Bg6 6. Nge2 c5 7. h4 h5 8. Nf4 Bh7 9. Nxh5 Nc6 10. Bb5 cxd4 11. Qxd4 Ne7 12. Bg5 Qc7 13. Qa4 Rc8 14. Bxe7 Bxe7 15. Bxc6+ bxc6 16. Nxg7+ Kf8 17. Nh5 Qxe5+ 18. Kd2 d4 19. Ne2 Be4 20. Rhe1 Bxh4 21. Rad1 Bxf2 22. Rf1 Be3+ 23. Ke1 Qh2 24. Qxa7 Rh7 25. Qc5+ Kg8 26. Rxd4 Rxh5 27. Qxh5 Qxh5 28. gxh5 Bxd4 29. Nxd4 c5 30. Rf4 cxd4 31. Rxe4 Rxc2 32. Rxd4 Rxb2 33. a4 Kg7 34. Kd1 Kh6 35. Kc1 Rb8 36. a5 Kxh5 37. a6 Kg5 38. Ra4 f5 39. Kd2 e5 40. Ke3 e4 41. a7 Ra8 42. Ra5 Kg4 0-1


[Site "https://www.chess.com"]

[Event "Titled Tuesday Blitz June 13 Late 2023"]
[White "Fernandez Siles, Luis"]
[Black "Marin Masis, Jose Esteban"]
[WhiteFideId "2209420"]
[BlackFideId "6508146"]
[WhiteElo "2195"]
[BlackElo "1838"]
[Result "1-0"]
[Round "3"]
[TimeControl "180+2"]
[Date "2023.06.13"]
[WhiteClock "0:01:07"]
[BlackClock "0:00:01"]
[Board "188"]

1. d4 Nf6 2. c4 e6 3. Nf3 Bb4+ 4. Bd2 Bxd2+ 5. Qxd2 Ne4 6. Qc2 f5 7. Nc3 Nxc3 8. bxc3 d6 9. e4 O-O 10. Bd3 b6 11. exf5 exf5 12. O-O Bb7 13. d5 Qf6 14. Nd4 Bc8 15. Rae1 c6 16. Ne6 g6 17. Nxf8 Kxf8 18. f4 Na6 19. dxc6 Nc5 20. Qe2 Be6 21. Rf3 Qxc3 22. Kh1 Re8 23. Bxf5 Qf6 1-0


[Site "https://www.chess.com"]

[Event "Titled Tuesday Blitz June 13 Late 2023"]
[White "Hoffmann, Asa"]
[Black "deloewre"]
[WhiteFideId "2001470"]
[WhiteElo "2117"]
[BlackElo "2124"]
[Result "1-0"]
[Round "3"]
[TimeControl "180+2"]
[Date "2023.06.13"]
[WhiteClock "0:00:50"]
[BlackClock "0:00:08"]
[Board "189"]

1. d4 Nf6 2. Bg5 e6 3. Nd2 d5 4. e3 Be7 5. Bd3 h6 6. Bh4 b6 7. c3 Bb7 8. f4 Ne4 9. Bxe7 Qxe7 10. Bxe4 dxe4 11. Qg4 f5 12. Qh5+ Qf7 13. Qe2 Ba6 14. c4 c5 15. dxc5 bxc5 16. Nh3 Nd7 17. O-O Rb8 18. b3 O-O 19. g4 Rbd8 20. Rad1 Qg6 21. g5 e5 22. Kh1 exf4 23. Nxf4 Qxg5 24. Ne6 Qh4 25. Nxd8 Rxd8 26. Rxf5 Nf6 27. Rg1 Bc8 28. Rf4 Qh3 29. Rxf6 Kh8 30. Rf4 h5 31. Qf1 Qxe3 32. Rf8+ Rxf8 33. Qxf8+ Kh7 34. Qxg7# 1-0


[Site "https://www.chess.com"]

[Event "Titled Tuesday Blitz June 13 Late 2023"]
[White "Hartikainen, Jarmo"]
[Black "Quinones Garcia, Santiago"]
[WhiteFideId "503134"]
[BlackFideId "4408497"]
[WhiteElo "2109"]
[BlackElo "2173"]
[Result "0-1"]
[Round "3"]
[TimeControl "180+2"]
[Date "2023.06.13"]
[WhiteClock "0:00:00"]
[BlackClock "0:00:20"]
[Board "190"]

1. e4 e5 2. Nf3 Nc6 3. Bc4 Nf6 4. Ng5 d5 5. exd5 Na5 6. Bb5+ c6 7. dxc6 bxc6 8. Bd3 h6 9. Ne4 Nd5 10. O-O Nf4 11. Be2 f5 12. Ng3 Bc5 13. d4 Bxd4 14. Bh5+ Kf8 15. c3 Bb6 16. Bxf4 exf4 17. Qxd8+ Bxd8 18. Ne2 Ba6 19. Nd2 Bc7 20. Rfe1 Kg8 21. Bf3 Rd8 22. Rad1 Kh7 23. b3 Rhe8 24. Nd4 Rxe1+ 25. Rxe1 c5 26. Ne6 Rxd2 27. Nxc7 Bd3 28. b4 cxb4 29. cxb4 Nc4 30. Nd5 Rxa2 31. Nxf4 Bc2 32. h3 Nd2 33. Bc6 Be4 34. Bxe4 Nxe4 35. Nd3 Rd2 36. Re3 Nc3 37. g3 Nd1 38. Rf3 Kg6 39. Nc5 Rb2 40. Rf4 Nc3 41. Kg2 Nd5 0-1


[Site "https://www.chess.com"]

[Event "Titled Tuesday Blitz June 13 Late 2023"]
[White "Bogaudinov, Rushan"]
[Black "Maluco_do_Natal_00"]
[WhiteFideId "4129288"]
[WhiteElo "1967"]
[BlackElo "2077"]
[Result "1-0"]
[Round "3"]
[TimeControl "180+2"]
[Date "2023.06.13"]
[WhiteClock "0:01:39"]
[BlackClock "0:00:00"]
[Board "191"]

1. d4 d5 2. c4 c6 3. Nc3 Nf6 4. e3 g6 5. Nf3 Bg7 6. Be2 O-O 7. O-O a6 8. c5 Nbd7 9. b4 Re8 10. a4 e5 11. Bb2 exd4 12. exd4 Nf8 13. b5 Bh6 14. Bd3 Ne6 15. h3 Nf4 16. Bc2 Bd7 17. Ne5 Qc8 18. Qf3 axb5 19. axb5 Rxa1 20. Rxa1 Bf5 21. Ba4 Be4 22. Nxe4 dxe4 23. Qb3 Ne6 24. bxc6 bxc6 25. Bxc6 e3 26. fxe3 Ng5 27. Ra8 Qxa8 28. Bxa8 Rxa8 29. h4 Ne6 30. g4 1-0


[Site "https://www.chess.com"]

[Event "Titled Tuesday Blitz June 13 Late 2023"]
[White "Papp, Petra"]
[Black "Ricaurte Lopez, Juan Carlos"]
[WhiteFideId "739049"]
[BlackFideId "3600327"]
[WhiteElo "2259"]
[BlackElo "2200"]
[Result "1-0"]
[Round "3"]
[TimeControl "180+2"]
[Date "2023.06.13"]
[WhiteClock "0:00:42"]
[BlackClock "0:00:00"]
[Board "192"]

1. d4 Nf6 2. c4 e6 3. Nc3 b6 4. e4 Bb4 5. Bd3 Bb7 6. Qe2 d5 7. cxd5 O-O 8. Bg5 h6 9. Bh4 g5 10. Bg3 exd5 11. e5 Ne4 12. Rc1 f5 13. exf6 Qxf6 14. Nf3 Nxg3 15. hxg3 Nd7 16. O-O Rae8 17. Qc2 g4 18. Nh4 c5 19. Nb5 c4 20. Bh7+ Kg7 21. Bf5 Bc6 22. Nc7 Rd8 23. Ne6+ Kg8 24. Bxg4 Rde8 25. Nxf8 Nxf8 26. a3 Ba5 27. b4 1-0


[Site "https://www.chess.com"]

[Event "Titled Tuesday Blitz June 13 Late 2023"]
[White "Szente Varga, Fruzsina"]
[Black "Dominguez Rincon, Miller Duvan"]
[WhiteFideId "712264"]
[BlackFideId "4406583"]
[WhiteElo "1994"]
[BlackElo "1986"]
[Result "1-0"]
[Round "3"]
[TimeControl "180+2"]
[Date "2023.06.13"]
[WhiteClock "0:00:05"]
[BlackClock "0:00:00"]
[Board "193"]

1. e4 e5 2. Nf3 Nc6 3. Bb5 a6 4. Ba4 Nf6 5. Qe2 b5 6. Bb3 Be7 7. c3 O-O 8. O-O Re8 9. Rd1 Bf8 10. d3 h6 11. Nbd2 d5 12. a4 Rb8 13. axb5 axb5 14. Nf1 Be6 15. Ng3 g6 16. exd5 Bxd5 17. Bxd5 Qxd5 18. Ne4 Qe6 19. h3 Nd5 20. Nh2 f5 21. Ng3 Bg7 22. Qf3 Rbd8 23. Ne2 e4 24. dxe4 fxe4 25. Qg3 e3 26. fxe3 Nxe3 27. Bxe3 Qxe3+ 28. Qxe3 Rxe3 29. Rxd8+ Nxd8 30. Kf2 Re8 31. Ra7 Ne6 32. Nf3 b4 33. cxb4 Bxb2 34. Rb7 Re7 35. b5 Kf7 36. Ng3 Nc5 37. Rb8 Nd3+ 38. Kf1 Nf4 39. Kf2 Nd3+ 40. Kf1 Bc3 41. Ne2 Bf6 42. g4 Nc5 43. Nfd4 Ne4 44. Nc6 Rd7 45. Rc8 Nd6 46. Rb8 Nc4 47. Nf4 Ne3+ 48. Ke2 Nd5 49. Kf3 Nxf4 50. Kxf4 g5+ 51. Kf5 Rd5+ 52. Ke4 Rc5 53. Rb7 Rc4+ 54. Kd5 Rc3 55. Rxc7+ Kg6 56. Ne7+ 1-0


[Site "https://www.chess.com"]

[Event "Titled Tuesday Blitz June 13 Late 2023"]
[White "dorpato"]
[Black "Zherebtsova, Alexandra"]
[BlackFideId "24129518"]
[WhiteElo "2065"]
[BlackElo "2055"]
[Result "0-1"]
[Round "3"]
[TimeControl "180+2"]
[Date "2023.06.13"]
[WhiteClock "0:00:00"]
[BlackClock "0:00:15"]
[Board "194"]

1. e4 e5 2. d4 exd4 3. Nf3 Nc6 4. c3 d5 5. exd5 Qxd5 6. cxd4 Bg4 7. Be2 Nf6 8. Nc3 Qd7 9. d5 Nb4 10. Ne5 Bxe2 11. Qxe2 Qe7 12. Bg5 O-O-O 13. O-O-O h6 14. Bxf6 gxf6 15. Qg4+ Kb8 16. Nf3 Qc5 17. Qe4 Nxa2+ 18. Kc2 Nxc3 19. bxc3 Bd6 20. Rd2 Rhe8 21. Qa4 Be5 22. c4 Bf4 23. Rd3 Re2+ 24. Kc3 Qxf2 25. Rb1 Be5+ 26. Nxe5 fxe5 27. Qb3 b6 28. Ra1 Re3 29. Qa4 Rxd3+ 30. Kxd3 Qd4+ 31. Kc2 a5 32. Ra3 e4 0-1


[Site "https://www.chess.com"]

[Event "Titled Tuesday Blitz June 13 Late 2023"]
[White "Chess_maylovsky"]
[Black "Garrido, Denis"]
[BlackFideId "601217"]
[WhiteElo "2036"]
[BlackElo "2353"]
[Result "0-1"]
[Round "3"]
[TimeControl "180+2"]
[Date "2023.06.13"]
[WhiteClock "0:00:22"]
[BlackClock "0:00:31"]
[Board "195"]

1. c4 Nf6 2. Nc3 g6 3. d4 Bg7 4. e4 d6 5. h3 O-O 6. Be3 c5 7. d5 e6 8. Nf3 exd5 9. exd5 Re8 10. Be2 Ne4 11. Nxe4 Rxe4 12. Qc2 Re8 13. O-O Bf5 14. Bd3 Bxd3 15. Qxd3 Nd7 16. Rab1 Rb8 17. b4 cxb4 18. Rxb4 b6 19. Bd4 Nc5 20. Qd1 Qc8 21. Bxg7 Kxg7 22. Qc1 Qa6 23. Qb2+ Kg8 24. Rd1 Re4 25. Nd4 Rbe8 26. Nc6 Rxc4 27. Rxc4 Qxc4 28. Qf6 Qe2 29. Rf1 Ne4 30. Qf4 Qxa2 31. Re1 Qxd5 32. Nb4 Qe5 33. Nd3 Qxf4 34. Nxf4 Nf6 35. Rd1 Rd8 36. g4 a5 37. g5 Ne4 38. Nd5 Nxg5 39. Kg2 b5 40. Nf6+ Kg7 41. h4 Kxf6 42. hxg5+ Kxg5 43. Rd5+ Kf6 44. Rxb5 Ra8 45. Rb3 a4 46. Ra3 h5 47. Kf3 Ke5 48. Ke3 h4 49. f4+ Kd5 50. Kf3 Kc4 51. Ra1 a3 52. Rc1+ Kb3 53. Rc6 a2 54. Rb6+ Kc2 55. Rc6+ Kd1 56. Rxd6+ Ke1 57. Rd8 Rxd8 0-1


[Site "https://www.chess.com"]

[Event "Titled Tuesday Blitz June 13 Late 2023"]
[White "Zhou, Qiyu"]
[Black "Burke, Paul"]
[WhiteFideId "505161"]
[BlackFideId "2605767"]
[WhiteElo "2101"]
[BlackElo "1951"]
[Result "1-0"]
[Round "3"]
[TimeControl "180+2"]
[Date "2023.06.13"]
[WhiteClock "0:00:50"]
[BlackClock "0:00:15"]
[Board "196"]

1. e4 e5 2. Nf3 Nc6 3. Bb5 f5 4. d3 Nf6 5. exf5 Be7 6. O-O O-O 7. Re1 d6 8. Bc4+ Kh8 9. Be6 Bxe6 10. fxe6 h6 11. d4 e4 12. Nh4 Qe8 13. Nc3 g5 14. Nf5 Qg6 15. Nxe7 Nxe7 16. d5 Rae8 17. Be3 a6 18. Bd4 Kh7 19. Bxf6 Qxf6 20. Nxe4 Qxb2 21. Qd3 Nf5 22. Rab1 Qxa2 23. Rxb7 Re7 24. Reb1 Qa4 25. g4 1-0


[Site "https://www.chess.com"]

[Event "Titled Tuesday Blitz June 13 Late 2023"]
[White "Arun, Siddharth"]
[Black "Sanchez, Robert"]
[WhiteFideId "2079178"]
[BlackFideId "2034360"]
[WhiteElo "2346"]
[BlackElo "1949"]
[Result "1-0"]
[Round "3"]
[TimeControl "180+2"]
[Date "2023.06.13"]
[WhiteClock "0:00:39"]
[BlackClock "0:00:09"]
[Board "197"]

1. d4 Nf6 2. Nc3 g6 3. Bf4 d6 4. Qd2 h6 5. e4 Bg7 6. f3 Nbd7 7. Bc4 e5 8. Be3 exd4 9. Bxd4 Qe7 10. Nd5 Qd8 11. Qc3 c6 12. Nf4 c5 13. Bxf7+ Kxf7 14. Qc4+ d5 15. exd5 Re8+ 16. Kf1 Nb6 17. Qxc5 Nbxd5 18. Nge2 b6 19. Qc4 Be6 20. Nxe6 Rxe6 21. Kf2 Rc8 22. Qb3 Nf4 23. Nxf4 Qxd4+ 24. Kg3 Qe5 25. Qxe6+ Qxe6 26. Nxe6 Kxe6 27. Rhe1+ Kf7 28. c3 h5 29. Rad1 Rc7 30. Rd8 Bh6 31. h4 Bg7 32. Red1 a6 33. Rb8 b5 34. Rdd8 Rc6 35. Rb7+ Ke6 36. Rxg7 1-0


[Site "https://www.chess.com"]

[Event "Titled Tuesday Blitz June 13 Late 2023"]
[White "Francisco_Ferrari"]
[Black "Vargas, Mauricio"]
[BlackFideId "4404572"]
[WhiteElo "2345"]
[BlackElo "1986"]
[Result "1-0"]
[Round "3"]
[TimeControl "180+2"]
[Date "2023.06.13"]
[WhiteClock "0:00:08"]
[BlackClock "0:00:00"]
[Board "198"]

1. d4 d5 2. Nf3 Nf6 3. e3 c6 4. Bd3 Bg4 5. O-O e6 6. Nbd2 Bd6 7. b3 Nbd7 8. Bb2 Rc8 9. c4 Bb8 10. Qc2 Qc7 11. h3 h5 12. Ne5 Bf5 13. Bxf5 exf5 14. Qxf5 g6 15. Qf3 O-O 16. cxd5 cxd5 17. Rac1 Qa5 18. Nxd7 Nxd7 19. Rfd1 Rxc1 20. Bxc1 Qxa2 21. e4 dxe4 22. Nxe4 Qc2 23. Bh6 Re8 24. Ng5 Qf5 25. Qxf5 gxf5 26. Nf3 f4 27. d5 f6 28. d6 Re4 29. g3 fxg3 30. fxg3 a6 31. Bf4 Ba7+ 32. Kf1 Ne5 33. Bxe5 fxe5 34. d7 Bb6 35. d8=Q+ Bxd8 36. Rxd8+ Kf7 37. Rd7+ Ke6 38. Rxb7 Re3 39. Kf2 Rc3 40. Rb6+ Kd5 41. Rxa6 Rxb3 42. Ra5+ Ke4 43. Rxe5+ 1-0


[Site "https://www.chess.com"]

[Event "Titled Tuesday Blitz June 13 Late 2023"]
[White "Nakamura, Hikaru"]
[Black "Fressinet, Laurent"]
[WhiteFideId "2016192"]
[BlackFideId "608742"]
[WhiteElo "2874"]
[BlackElo "2633"]
[Result "1-0"]
[Round "4"]
[TimeControl "180+2"]
[Date "2023.06.13"]
[WhiteClock "0:00:47"]
[BlackClock "0:00:00"]
[Board "1"]

1. Nf3 Nf6 2. b3 g6 3. Bb2 Bg7 4. d4 d6 5. e3 O-O 6. Be2 b6 7. O-O Bb7 8. c4 Nbd7 9. Qc2 Ne4 10. Rd1 e6 11. Ne1 f5 12. f3 Nef6 13. Nd3 Qe7 14. Nc3 Bh6 15. Bc1 e5 16. Nf2 Rae8 17. d5 a5 18. a3 Bc8 19. b4 e4 20. f4 g5 21. Nb5 gxf4 22. exf4 Nb8 23. bxa5 bxa5 24. c5 Na6 25. cxd6 cxd6 26. Be3 Bd7 27. Na7 Nc5 28. Nc6 Qg7 29. Rab1 Kh8 30. g3 Rc8 31. Qd2 Qf7 32. Bxc5 dxc5 33. Ne5 Qg7 34. Rb7 Rb8 35. Rdb1 Rxb7 36. Rxb7 Qe7 37. Qxa5 Bxf4 38. Nxd7 Nxd7 39. gxf4 Rg8+ 40. Kf1 Qg7 41. Ke1 e3 42. Nd1 Qd4 43. Qc3 Nf6 44. Qxd4 cxd4 45. Bf3 Ne4 46. Nxe3 dxe3 47. Bxe4 fxe4 48. d6 Rd8 49. d7 Kg7 50. a4 Kf6 51. a5 Ke7 52. a6 1-0


[Site "https://www.chess.com"]

[Event "Titled Tuesday Blitz June 13 Late 2023"]
[White "Elsa167"]
[Black "Nihal Sarin"]
[BlackFideId "25092340"]
[WhiteElo "2888"]
[BlackElo "2689"]
[Result "0-1"]
[Round "4"]
[TimeControl "180+2"]
[Date "2023.06.13"]
[WhiteClock "0:00:53"]
[BlackClock "0:01:37"]
[Board "2"]

1. Nf3 d5 2. e3 Nf6 3. b3 Bf5 4. Bb2 e6 5. c4 c6 6. cxd5 exd5 7. Be2 Nbd7 8. O-O h6 9. d3 Be7 10. Nbd2 O-O 11. a3 a5 12. Re1 Re8 13. Bf1 Bh7 14. Qc2 Bd6 15. Bc3 Ng4 16. h3 Nge5 17. Be2 Qe7 18. Nxe5 Nxe5 19. Nf3 Nxf3+ 20. Bxf3 Bxa3 21. Bd4 Bb4 22. Rec1 Bg6 23. Be2 Rec8 24. Qb2 f6 25. Ra2 c5 26. Bc3 Bxc3 27. Qxc3 b6 28. d4 Bf5 29. dxc5 Rxc5 30. Qd2 Rxc1+ 31. Qxc1 Rc8 32. Qd1 Qc5 33. Rd2 Bc2 34. Rxc2 Qxc2 35. Qxd5+ Kh8 36. Bg4 Qc1+ 37. Kh2 Qc5 38. Qf7 Qc7+ 0-1


[Site "https://www.chess.com"]

[Event "Titled Tuesday Blitz June 13 Late 2023"]
[White "Zakhartsov, Vladimir"]
[Black "Paravyan, David"]
[WhiteFideId "4145097"]
[BlackFideId "4194985"]
[WhiteElo "2508"]
[BlackElo "2563"]
[Result "0-1"]
[Round "4"]
[TimeControl "180+2"]
[Date "2023.06.13"]
[WhiteClock "0:00:00"]
[BlackClock "0:00:04"]
[Board "3"]

1. e4 e5 2. Nf3 Nf6 3. Nc3 Nc6 4. a3 d5 5. exd5 Nxd5 6. Nxe5 Nxc3 7. Nxc6 Nxd1 8. Nxd8 Nxf2 9. Nxf7 Nxh1 10. Nxh8 Bd6 11. g3 Bd7 12. Bg2 Nxg3 13. hxg3 O-O-O 14. Nf7 Re8+ 15. Kf2 Bc5+ 16. Kf1 Rf8 17. Bd5 Be8 18. Kg2 Bxf7 19. Bf3 c6 20. b4 Bd4 21. c3 Bf6 22. d4 Bd5 23. Bxd5 cxd5 24. Bf4 Kd7 25. b5 Rc8 26. Bd2 a6 27. a4 axb5 28. axb5 Kc7 29. Rf1 Kb6 30. Rf5 Rd8 31. g4 Kxb5 32. g5 Be7 33. Rf7 Re8 34. Rxg7 Kc4 35. Rxh7 Kd3 36. Bf4 Kxc3 37. g6 Kxd4 38. g7 Bf6 39. Kf3 Rg8 40. Rh6 Bxg7 41. Rg6 b5 42. Kg4 b4 43. Bh6 Bxh6 44. Rxg8 b3 45. Rb8 Kc3 46. Kf3 b2 47. Ke2 Bg7 48. Kd1 Kd3 49. Rb3+ Bc3 50. Rb8 d4 51. Rb7 Kc4 52. Kc2 d3+ 53. Kb1 Be5 54. Rd7 Kc3 55. Rd8 d2 56. Rc8+ Kd3 57. Rd8+ Bd4 0-1


[Site "https://www.chess.com"]

[Event "Titled Tuesday Blitz June 13 Late 2023"]
[White "Holt, Conrad"]
[Black "Kollars, Dmitrij"]
[WhiteFideId "2034387"]
[BlackFideId "12909572"]
[WhiteElo "2592"]
[BlackElo "2584"]
[Result "1-0"]
[Round "4"]
[TimeControl "180+2"]
[Date "2023.06.13"]
[WhiteClock "0:00:19"]
[BlackClock "0:00:00"]
[Board "4"]

1. d4 Nf6 2. c4 e6 3. Nc3 Bb4 4. Qc2 b6 5. e4 c5 6. a3 Bxc3+ 7. bxc3 Bb7 8. d5 Qe7 9. Be2 exd5 10. exd5 O-O 11. Nf3 Re8 12. Be3 d6 13. O-O Nbd7 14. Bd3 Ne5 15. Nxe5 Qxe5 16. h3 Re7 17. Rfe1 Rae8 18. Bd2 Qh5 19. Rxe7 Rxe7 20. Bf4 Ne8 21. a4 h6 22. Qd2 Qh4 23. a5 bxa5 24. Rxa5 a6 25. Ra1 Qf6 26. Rb1 a5 27. Ra1 Bc8 28. Rxa5 Bf5 29. Bf1 g5 30. Be3 Qe5 31. Ra1 Nf6 32. Qb2 Ne4 33. Ra3 Kg7 34. Qc1 Kg6 35. g4 Bd7 36. f4 gxf4 37. Bxf4 Qf6 38. Ra6 Kg7 39. Kg2 h5 40. gxh5 Qf5 41. Kh2 Qxh5 42. Qe3 Qh4 43. Ra7 Kh7 44. Rxd7 Rxd7 45. Qxe4+ 1-0


[Site "https://www.chess.com"]

[Event "Titled Tuesday Blitz June 13 Late 2023"]
[White "Dardha, Daniel"]
[Black "Martinez Alcantara, Jose Eduardo"]
[WhiteFideId "240990"]
[BlackFideId "3805662"]
[WhiteElo "2572"]
[BlackElo "2711"]
[Result "1-0"]
[Round "4"]
[TimeControl "180+2"]
[Date "2023.06.13"]
[WhiteClock "0:00:05"]
[BlackClock "0:00:00"]
[Board "5"]

1. d4 Nf6 2. Bg5 Ne4 3. h4 d5 4. Nd2 Nxd2 5. Qxd2 c6 6. O-O-O h6 7. Bf4 Bf5 8. f3 e6 9. g4 Bh7 10. g5 h5 11. e3 Nd7 12. Bd3 Bxd3 13. Qxd3 g6 14. Ne2 Qa5 15. Kb1 Be7 16. e4 O-O 17. Bc1 Bd6 18. Nf4 Bxf4 19. Bxf4 Rfe8 20. Rhe1 Rac8 21. c4 dxc4 22. Qxc4 Red8 23. Qb3 Qa6 24. Bd6 Nb6 25. Be7 Rd7 26. Bf6 Rdc7 27. f4 Nd7 28. f5 c5 29. fxg6 fxg6 30. d5 c4 31. Qc3 Nc5 32. d6 Rf7 33. Qe5 Qc6 34. Qd4 b5 35. e5 Qd7 36. Rf1 a5 37. Be7 Rf5 38. Rxf5 gxf5 39. g6 Ne4 40. Qe3 Kg7 41. Rg1 Rg8 42. Qd4 b4 43. Bf6+ Kf8 44. Qb6 Rxg6 45. Rxg6 c3 46. Qb8+ 1-0


[Site "https://www.chess.com"]

[Event "Titled Tuesday Blitz June 13 Late 2023"]
[White "Duda, Jan-Krzysztof"]
[Black "Hansen, Eric"]
[WhiteFideId "1170546"]
[BlackFideId "2606771"]
[WhiteElo "2783"]
[BlackElo "2561"]
[Result "1-0"]
[Round "4"]
[TimeControl "180+2"]
[Date "2023.06.13"]
[WhiteClock "0:00:05"]
[BlackClock "0:00:00"]
[Board "6"]

1. e4 e5 2. Nf3 Nc6 3. Bb5 a6 4. Ba4 Nf6 5. O-O Be7 6. d3 d6 7. c3 O-O 8. Nbd2 b5 9. Bc2 Re8 10. Re1 Bf8 11. a4 Bb7 12. Nf1 Nb8 13. Ng3 Nbd7 14. d4 h6 15. Bd3 c6 16. b3 Qc7 17. Ba3 bxa4 18. bxa4 a5 19. Qc2 d5 20. Bxf8 Kxf8 21. h3 c5 22. dxe5 Nxe5 23. Nxe5 Qxe5 24. exd5 Qxd5 25. Bf1 Rxe1 26. Rxe1 Bc6 27. Rd1 Qe5 28. Bb5 Bxb5 29. axb5 c4 30. b6 Rb8 31. Rb1 g6 32. Qa4 Qxc3 33. Qc6 Qd4 34. b7 Kg7 35. Qc7 Qa7 36. Ne2 Ne4 37. Qe5+ Nf6 38. Qc7 Ne4 39. Qe5+ Nf6 40. Qe7 Rc8 41. Nf4 Re8 42. Ne6+ Kg8 43. Qxf6 fxe6 44. Qxg6+ Kf8 45. Qxe8+ 1-0


[Site "https://www.chess.com"]

[Event "Titled Tuesday Blitz June 13 Late 2023"]
[White "Jumabayev, Rinat"]
[Black "Korobov, Anton"]
[WhiteFideId "13702661"]
[BlackFideId "14105730"]
[WhiteElo "2561"]
[BlackElo "2638"]
[Result "0-1"]
[Round "4"]
[TimeControl "180+2"]
[Date "2023.06.13"]
[WhiteClock "0:00:00"]
[BlackClock "0:00:07"]
[Board "7"]

1. e4 c5 2. Nf3 d6 3. d4 cxd4 4. Qxd4 Nf6 5. Bb5+ Nc6 6. Qd3 Bd7 7. O-O a6 8. Ba4 Rc8 9. Qe2 g6 10. Rd1 Bg7 11. Bxc6 Bxc6 12. e5 Ne4 13. Nd4 d5 14. f3 Nc5 15. Be3 Bd7 16. Nc3 e6 17. Bf4 g5 18. Bg3 h5 19. h3 g4 20. fxg4 Qg5 21. Nf3 Qg6 22. g5 Ne4 23. Be1 Nxg5 24. Nh4 Qh7 25. Rd4 f6 26. exf6 Bxf6 27. Rxd5 O-O 28. Rd6 Bc6 29. Rad1 Qg7 30. Rxc6 Rxc6 31. Kh1 Nf7 32. Qxh5 Ne5 33. Ne4 Rxc2 34. Bg3 Bxh4 35. Qxh4 Ng6 36. Qg5 Re2 37. Nd6 e5 38. Rc1 Nf4 39. Qxg7+ Kxg7 40. Rc7+ Kf6 41. Bh4+ Ke6 42. Nc4 Nxg2 43. Re7+ Kd5 44. Nb6+ Kc5 45. Nd7+ Kd6 46. Nxf8 Nxh4 47. Rxb7 Nf3 48. Rd7+ Kc6 0-1


[Site "https://www.chess.com"]

[Event "Titled Tuesday Blitz June 13 Late 2023"]
[White "Makarian, Rudik"]
[Black "Moroni, Luca Jr"]
[WhiteFideId "44105681"]
[BlackFideId "865834"]
[WhiteElo "2451"]
[BlackElo "2569"]
[Result "1/2-1/2"]
[Round "4"]
[TimeControl "180+2"]
[Date "2023.06.13"]
[WhiteClock "0:00:10"]
[BlackClock "0:00:15"]
[Board "8"]

1. d4 d6 2. Nf3 g6 3. c4 Bg7 4. Nc3 Nc6 5. d5 Ne5 6. Nxe5 Bxe5 7. e4 Nf6 8. Bd3 O-O 9. O-O e6 10. h3 exd5 11. cxd5 Nh5 12. Be2 Nf4 13. Bg4 Qh4 14. Bxc8 Raxc8 15. Qf3 f5 16. g3 Nxh3+ 17. Kg2 Qg4 18. exf5 Qxf3+ 19. Kxf3 Rxf5+ 20. Kg2 Bxc3 21. bxc3 Ng5 22. c4 Ne4 23. Be3 b6 24. f3 Nc5 25. Bd4 Re8 26. Rae1 Rff8 27. Bxc5 bxc5 28. f4 Kf7 29. Kf3 Rxe1 30. Rxe1 Rb8 31. Rh1 Kg7 32. Re1 Kf6 33. g4 Rb4 34. g5+ Kf7 35. Rh1 Kg7 36. Re1 Kf8 37. Rh1 Kg8 38. Re1 Rxc4 39. Re8+ Kf7 40. Rc8 Ra4 41. Rxc7+ Kf8 42. Rxh7 Rxa2 43. Rd7 Ra6 44. f5 Ra3+ 45. Kf4 Ra4+ 46. Kf3 gxf5 47. Rxd6 Rd4 48. Rf6+ Kg7 49. Rxf5 a5 50. d6 Rxd6 51. Rxc5 Ra6 52. Rc3 a4 53. Ra3 Kg6 54. Ke4 Kxg5 55. Kd4 Rf6 56. Kc4 Rf4+ 57. Kb5 Kf5 58. Rxa4 Rxa4 59. Kxa4 1/2-1/2


[Site "https://www.chess.com"]

[Event "Titled Tuesday Blitz June 13 Late 2023"]
[White "Talibov, Shiroghlan"]
[Black "Eljanov, Pavel"]
[WhiteFideId "13429078"]
[BlackFideId "14102951"]
[WhiteElo "2274"]
[BlackElo "2598"]
[Result "0-1"]
[Round "4"]
[TimeControl "180+2"]
[Date "2023.06.13"]
[WhiteClock "0:00:00"]
[BlackClock "0:00:51"]
[Board "9"]

1. e4 e5 2. Nf3 Nc6 3. Bb5 a6 4. Ba4 Nf6 5. O-O Be7 6. Re1 b5 7. Bb3 O-O 8. c3 d5 9. exd5 Nxd5 10. Nxe5 Nxe5 11. Rxe5 Bb7 12. d4 Bf6 13. Re1 Re8 14. Rxe8+ Qxe8 15. Nd2 Nf4 16. Nf3 Bxf3 17. gxf3 Bg5 18. Bxf4 Bxf4 19. Qe1 Qd8 20. Qe4 Qg5+ 21. Kh1 Rf8 22. Rg1 Qh4 23. Rg2 g6 24. a3 Kg7 25. Bd5 Rd8 26. Bb3 Rd7 27. Qb1 Re7 28. Kg1 Re2 29. Kf1 Re7 30. Kg1 a5 31. Qd1 h5 32. Bc2 a4 33. Be4 Re6 34. Qd3 Qe7 35. Qxb5 Kh6 36. h3 f5 37. Bd3 c6 38. Qa5 Re1+ 39. Bf1 Qe2 0-1


[Site "https://www.chess.com"]

[Event "Titled Tuesday Blitz June 13 Late 2023"]
[White "Vazquez, Guillermo"]
[Black "Kravtsiv, Martyn"]
[WhiteFideId "3702308"]
[BlackFideId "14113147"]
[WhiteElo "2543"]
[BlackElo "2695"]
[Result "1-0"]
[Round "4"]
[TimeControl "180+2"]
[Date "2023.06.13"]
[WhiteClock "0:00:08"]
[BlackClock "0:00:00"]
[Board "10"]

1. b3 e5 2. Bb2 Nc6 3. c4 Nf6 4. e3 Be7 5. a3 O-O 6. Qc2 d5 7. cxd5 Nxd5 8. Nf3 Bf6 9. d3 a5 10. Nbd2 g6 11. h4 Bg4 12. Be2 Bg7 13. Rc1 Re8 14. Ne4 Qc8 15. O-O Nde7 16. Nfg5 h6 17. Bxg4 Qxg4 18. Qc4 Qf5 19. Ng3 Qf6 20. N3e4 Qf5 21. Ng3 Qf6 22. Nf3 Rad8 23. h5 Nd5 24. hxg6 Qxg6 25. Qe4 Nf6 26. Qxg6 fxg6 27. Rfd1 Rd7 28. Kf1 Ng4 29. Ne4 Nd8 30. Ke2 b6 31. b4 axb4 32. axb4 Nf7 33. Rc6 Kh7 34. Ra1 Nd8 35. Rcc1 Ne6 36. b5 Red8 37. Rc6 Nc5 38. Nxc5 bxc5 39. Ne1 e4 40. Bxg7 exd3+ 41. Kf3 Nh2+ 42. Kg3 Nf1+ 43. Kh3 d2 44. Bc3 d1=Q 45. Rxd1 Rxd1 46. Rxc7+ R1d7 47. Rxc5 Rb8 48. g3 Rdb7 49. Kg2 Rxb5 50. Rxb5 1-0


[Site "https://www.chess.com"]

[Event "Titled Tuesday Blitz June 13 Late 2023"]
[White "Bortnyk, Olexandr"]
[Black "Lashkin, Jegor"]
[WhiteFideId "14120828"]
[BlackFideId "13907808"]
[WhiteElo "2733"]
[BlackElo "2368"]
[Result "1-0"]
[Round "4"]
[TimeControl "180+2"]
[Date "2023.06.13"]
[WhiteClock "0:00:21"]
[BlackClock "0:00:00"]
[Board "11"]

1. e4 c5 2. c3 e5 3. Nf3 Nc6 4. Bc4 Nf6 5. O-O Nxe4 6. d4 d5 7. Bb5 exd4 8. cxd4 Be7 9. Nc3 O-O 10. h3 Nxd4 11. Nxd4 cxd4 12. Qxd4 Bf6 13. Qb4 a5 14. Qb3 Nxc3 15. bxc3 Be6 16. Ba3 Be7 17. Rfd1 Bxa3 18. Qxa3 Qc7 19. Be2 Rac8 20. Rd3 Qc5 21. Qb2 Rc7 22. Rg3 g6 23. h4 Rd8 24. Rd1 Rcd7 25. Rd4 Qe7 26. h5 Qf6 27. Qb6 Ra8 28. Bb5 Rdd8 29. Bd3 Kg7 30. hxg6 hxg6 31. Qxb7 Rab8 32. Qa7 Bf5 33. Rf4 1-0


[Site "https://www.chess.com"]